 Dungeon Crawl Stone Soup version 0.27.0-1-g7a089689b8 (webtiles) character file.

Game seed: 13354942286765219708

5117 sasquatch the Cleaver (level 10, -3/94 HPs)
             Began as a Minotaur Fighter on July 31, 2021.
             Was an Elder of Okawaru.
             Slain by Maggie (10 damage)
             ... on level 8 of the Dungeon.
             The game lasted 00:15:04 (8423 turns).

sasquatch the Cleaver (Minotaur Fighter)            Turns: 8423, Time: 00:15:05

Health: -3/94      AC: 13    Str: 28    XL:     10   Next: 32%
Magic:  8/9        EV:  6    Int:  5    God:    Okawaru [****..]
Gold:   132        SH: 10    Dex: 10    Spells: 9/9 levels left

rFire    + . .     SeeInvis .   B - +9 flail of Pot Fan {spect, rPois rF+}
rCold    . . .     Faith    .   c - +0 kite shield
rNeg     . . .     Spirit   .   E - +0 chain mail "Kathut" {Str+4}
rPois    +         Reflect  .   (helmet restricted)
rElec    .         Harm     .   w - +2 cloak {Will+}
rCorr    .         Rampage  .   D - +0 pair of gloves
Will     +....                  (no boots)
Stlth    ..........             (no amulet)
HPRegen  0.25/turn              (no ring)
MPRegen  0.11/turn              (no ring)

@: mighty, mesmerised
A: horns 2, retaliatory headbutt
a: Renounce Religion, Heroism


You were on level 8 of the Dungeon.
You worshipped Okawaru.
Okawaru was greatly pleased with you.
You visited 2 branches of the dungeon, and saw 9 of its levels.

You collected 368 gold pieces.
You spent 236 gold pieces at shops.

Inventory:

Hand Weapons
 a - a +0 war axe
 y - a +3 hand axe
 B - the +9 flail of Pot Fan (weapon) {spect, rPois rF+}
   (You found it on level 7 of the Dungeon)

   When its wielder attacks, the weapon's spirit leaps out and strikes again.
   The spirit shares a part of any damage it takes with its wielder.
   rF:        It protects you from fire.
   rPois:     It protects you from poison.
 C - the +8 lance "Wyrmbane" {slay drac, rPois rF+ rC+ AC+3}
   (You found it on level 7 of the Dungeon)

   It inflicts extra damage against dragons and draconians.
   AC:        It affects your AC (+3).
   rF:        It protects you from fire.
   rC:        It protects you from cold.
   rPois:     It protects you from poison.
Missiles
 f - 14 boomerangs
 h - 28 poisoned darts (quivered)
 j - 8 boomerangs of dispersal
 A - a curare-tipped dart
Armour
 c - a +0 kite shield (worn)
 w - a +2 cloak of willpower (worn)
 D - a +0 pair of gloves (worn)
 E - the +0 chain mail "Kathut" (worn) {Str+4}
   (You found it on level 8 of the Dungeon)

   Str:       It affects your strength (+4).
Wands
 n - a wand of flame (12)
Scrolls
 e - 5 scrolls of identify
 k - a scroll of magic mapping {unknown}
 l - 2 scrolls of teleportation
 o - a scroll of immolation {unknown}
 p - a scroll of vulnerability {unknown}
 q - a scroll of fear {unknown}
 s - a scroll of fog {unknown}
 t - a scroll of silence {unknown}
 z - a scroll of noise {unknown}
Potions
 d - a potion of might
 g - 5 potions of curing
 i - 2 potions of lignification {unknown}
 m - a potion of resistance {unknown}
 u - 5 potions of degeneration {unknown}
 x - a potion of magic {unknown}


   Skills:
 + Level 10.9 Fighting
 * Level 14.2(14.3) Axes
 + Level 2.0(9.7) Maces & Flails
 + Level 2.0(9.7) Polearms
 - Level 3.6 Armour
 - Level 3.6 Shields


You had 9 spell levels left.
You didn't know any spells.
Your spell library contained the following spells:

 Spells                   Type           Power      Damage    Failure   Level
 Foxfire                  Conj/Fire      0%         2x1d4     100%        1
 Conjure Flame            Conj/Fire      0%         6-21      100%        3
 Inner Flame              Hex/Fire       0%         N/A       100%        3
 Ozocubu's Armour         Ice            0%         N/A       100%        3
 Portal Projectile        Hex/Tloc       0%         N/A       100%        3
 Spider Form              Tmut/Pois      0%         N/A       100%        3
 Summon Guardian Golem    Hex/Summ       0%         N/A       100%        3
 Vampiric Draining        Necr           0%         2d6       100%        3
 Ice Form                 Ice/Tmut       0%         N/A       100%        4
 Eringya's Noxious Bog    Tmut/Pois      0%         N/A       100%        6


Dungeon Overview and Level Annotations

Branches:
Dungeon (8/15)             Temple (1/1) D:5            Lair (0/6) D:8

Altars:
Ashenzari
Cheibriados
Dithmenos
Fedhas
Gozag
Hepliaklqana
Kikubaaqudgha
Makhleb
Nemelex Xobeh
Okawaru
Qazlal
Ru
Trog
Uskayaw
Vehumet
Wu Jian
Xom
Yredelemnul
Zin

Shops:
D:5 *   D:7 =!

Annotations:
D:6 1 transporter, Hatyri's ghost, novice MiFi
D:8 Maggie


Innate Abilities, Weirdness & Mutations

You have a pair of horns on your head.
You reflexively headbutt those who attack you in melee.


Message History

Your spectral +9 flail of Pot Fan {spect, rPois rF+} barely misses the howler monkey.
The gnoll hits you but does no damage. The gnoll sergeant barely misses you.
You block the gnoll's attack. The howler monkey hits you.
You barely miss the howler monkey. Your headbutt misses the howler monkey.
The howler monkey is lightly wounded.
Your spectral +9 flail of Pot Fan {spect, rPois rF+} hits the howler monkey!
The howler monkey hoots and howls with incredible vigour!
Maggie zaps a wand.
The bolt of acid hits the gnoll!
The gnoll is splashed with acid.
The acid corrodes the gnoll!
The gnoll dies!
The bolt of acid hits you!
You are splashed with acid!
The gnoll hits you but does no damage.
The gnoll sergeant hits you from afar with a +0 spear of flaming.
The gnoll sergeant burns you.
You barely miss the howler monkey.
The howler monkey is almost dead.
Your spectral +9 flail of Pot Fan {spect, rPois rF+} hits the howler monkey!!
You kill the howler monkey!
Okawaru accepts your kill.
Maggie zaps a wand.
The bolt of acid hits you!!
You are splashed with acid!
* * * LOW HITPOINT WARNING * * *
The gnoll sergeant barely misses you.
The gnoll hits you from afar with a +0 spear.
* * * LOW HITPOINT WARNING * * *
Your life force feels restored.
Your base Maces & Flails skill increases to level 2!
Your base Polearms skill increases to level 2!
You feel better.
Maggie hits you from afar with a +0 glaive!
* * * LOW HITPOINT WARNING * * *
The gnoll sergeant barely misses you. You block the gnoll's attack.
You feel very mighty all of a sudden.
Maggie hits you from afar with a +0 glaive.
* * * LOW HITPOINT WARNING * * *
You block the gnoll sergeant's attack. You block the gnoll's attack.
The wraith hits you but does no damage.
As you read the scroll of summoning, it crumbles to dust.
Wisps of shadow whirl around you...
Maggie hits you from afar with a +0 glaive!
You die...

#####...........)...##
#...........)...#.....
#..#........##.###.#..
#...........##.# ## .
##....##...#...###
#...(.....##).#...≈.
##...D.##........#.gg
#....F..#g......##5..
##...Z.@W.....#....P. .
##.....†)g....#≈..P>P..
#.....#..@....#...PP.P.
##..###...#.....## ..#
#### #...##.....#...#.
#....#...#...≈...
##........#####
#.##.###..@....@ ######
#.$......


You could see Maggie (mesmerising), a wraith (ally target), a gnoll sergeant, a
gnoll, a friendly steam dragon (summoned), a friendly bullfrog (summoned) and a
friendly killer bee zombie (summoned).

Vanquished Creatures
  2 manticores (D:7)
  A gargoyle (D:7)
  Joseph (D:7)
  A wraith (D:6)
  2 yaks (D:7)
  A wyvern (D:8)
  An acid dragon (D:7)
  An orc warrior (D:7)
  2 black bears
  A necrophage (D:4)
  2 ice beasts (D:7)
  2 sky beasts
  3 centaurs
  An ogre (D:7)
  3 phantoms
  2 kobold brigands (D:7)
  4 bullfrogs
  A gnoll sergeant (D:7)
  10 wights
  9 howler monkeys
  2 centaur zombies
  2 orc priests (D:5)
  2 hounds
  A gnoll shaman (D:7)
  An iguana (D:5)
  2 orc wizards (D:7)
  A killer bee zombie (D:5)
  A hound skeleton (D:2)
  4 howler monkey zombies
  Robin (D:2)
  10 gnolls
  7 adders
  A shadow imp (D:8)
  3 white imps
  An ufetubus (D:5)
  A worm (D:5)
  2 dart slugs (D:1)
  9 orcs
  3 ball pythons
  4 endoplasms
  5 giant cockroaches
  12 goblins
  6 hobgoblins
  9 jackals
  16 kobolds
  5 quokkas
  6 bats
  A frilled lizard (D:3)
  A rat (D:3)
169 creatures vanquished.

Vanquished Creatures (others)
  An ugly thing (D:7)
  A gnoll (D:8)
  3 plants (D:8)
5 creatures vanquished.

Grand Total: 174 creatures vanquished

Notes
Turn   | Place    | Note
-------+----------+-------------------------------------------
     0 | D:1      | sasquatch the Minotaur Fighter began the quest for the Orb.
     0 | D:1      | Reached XP level 1. HP: 19/19 MP: 0/0
   183 | D:1      | Found a faded altar of an unknown god.
   193 | D:1      | Became a worshipper of Warmaster Okawaru
   193 | D:1      | Reached * piety under Okawaru
   246 | D:1      | Reached skill level 3 in Axes
   328 | D:1      | Reached XP level 2. HP: 25/27 MP: 1/1
   974 | D:2      | Reached XP level 3. HP: 29/33 MP: 2/2
  1016 | D:2      | Reached skill level 4 in Axes
  1357 | D:2      | You fall into a shaft and drop 2 floors!
  1584 | D:2      | Found a burning altar of Makhleb.
  1603 | D:2      | Noticed Robin
  1621 | D:2      | Reached XP level 4. HP: 41/41 MP: 3/3
  1627 | D:2      | Killed Robin
  2151 | D:3      | Found a large runed translucent door.
  2152 | D:3      | Found a large runed translucent door.
  2442 | D:3      | Reached skill level 5 in Axes
  2612 | D:3      | Found a sparkling altar of Nemelex Xobeh.
  2621 | D:3      | Found an iron altar of Okawaru.
  2850 | D:4      | Noticed a necrophage
  2866 | D:4      | Killed a necrophage
  2867 | D:4      | Reached skill level 5 in Fighting
  2867 | D:4      | Reached skill level 6 in Axes
  2867 | D:4      | Reached XP level 5. HP: 22/48 MP: 4/4
  3129 | D:4      | Reached ** piety under Okawaru
  3689 | D:5      | Entered Level 5 of the Dungeon
  3749 | D:5      | Noticed a centaur
  3762 | D:5      | Reached XP level 6. HP: 24/56 MP: 5/5
  3964 | D:5      | Reached skill level 7 in Axes
  4256 | D:5      | Found a staircase to the Ecumenical Temple.
  4355 | D:5      | Reached XP level 7. HP: 55/63 MP: 6/6
  4473 | D:5      | Reached skill level 8 in Axes
  4714 | D:5      | Found Hisut's General Store.
  4717 | D:5      | Bought a +2 cloak of willpower for 236 gold pieces
  4852 | Temple   | Entered the Ecumenical Temple
  5346 | D:6      | Reached skill level 9 in Axes
  5423 | D:6      | Noticed a wraith
  5430 | D:6      | Killed a wraith
  5431 | D:6      | Reached XP level 8. HP: 71/73 MP: 7/7
  5537 | D:6      | Noticed Hatyri's ghost (novice MiFi)
  5537 | D:6      | Identified the +8 great mace "Ranuki Baime" {drain, rF-
                  | Will+ Str+4 Stlth+}
  5537 | D:6      | Identified the +4 dire flail of the Equinox {flame, rC++
                  | rN++ Str+4}
  5537 | D:6      | Noticed a two-headed ogre
  5538 | D:6      | Found a transporter.
  5548 | D:6      | You fall into a shaft and drop 1 floor!
  5680 | D:7      | Reached skill level 10 in Axes
  5701 | D:7      | Noticed Joseph
  5714 | D:7      | HP: 2/74 [Joseph (13)]
  5716 | D:7      | Reached *** piety under Okawaru
  5748 | D:7      | Killed Joseph
  5749 | D:7      | Reached skill level 11 in Axes
  6117 | D:7      | Reached XP level 9. HP: 25/77 MP: 8/8
  6554 | D:7      | Found Geizy's Distillery.
  6560 | D:7      | Found a stormy altar of Qazlal.
  6655 | D:7      | Found Hazaph's Jewellery Boutique.
  6721 | D:7      | Reached **** piety under Okawaru
  6722 | D:7      | Reached skill level 12 in Axes
  6871 | D:7      | Noticed a manticore
  6876 | D:7      | Noticed a purple ugly thing
  7368 | D:7      | Noticed a manticore
  7384 | D:7      | Killed a manticore
  7385 | D:7      | Reached skill level 10 in Fighting
  7385 | D:7      | Reached skill level 13 in Axes
  7494 | D:7      | Killed a purple ugly thing
  7532 | D:7      | Noticed a gargoyle
  7547 | D:7      | Killed a gargoyle
  7548 | D:7      | Reached XP level 10. HP: 71/94 MP: 6/9
  7663 | D:7      | Killed a manticore
  7778 | D:7      | Found the +8 lance "Wyrmbane" {slay drac, rPois rF+ rC+
                  | AC+3}
  7783 | D:7      | Identified the +9 flail of Pot Fan {spect, rPois rF+}
  7789 | D:7      | Got the Papyrus of Unstable Creation
  7793 | D:7      | Got Wikaew's Easy Wizardry
  8010 | D:8      | Reached skill level 14 in Axes
  8044 | D:8      | Received a gift from Okawaru
  8051 | D:7      | Reached skill level 1 in Maces & Flails
  8051 | D:7      | Reached skill level 1 in Polearms
  8340 | D:8      | Identified the +0 chain mail "Kathut" {Str+4}
  8395 | D:8      | Noticed Maggie
  8397 | D:8      | Found a staircase to the Lair.
  8423 | D:8      | Slain by Maggie

Illustrated notes

Levels and vault maps discovered:
D:1:      dpeg_arrival_round_b, layout_loops_ring,
          shapermc_ecumenical_altar_venn
D:2:      layout_basic, basic_altar, uniq_robin
D:3:      layout_loops_cross, jmf_multi_god_temple2
D:4:      layout_loops_corners, serial_bayou, serial_bayou_lake_a,
          serial_bayou_shore_b, serial_bayou_pond_d, serial_bayou_ford_a,
          minivault_24, minmay_misc_feat_tiny
D:5:      layout_basic, temple_green, serial_shops, kennysheep_mini
D:6:      layout_loops_ring, mainiacjoe_overflow_swirl, gammafunk_ghost_smash,
          eino_small_chamber_without_monster, uniq_prince_ribbit1
D:7:      minmay_the_grid_square_5x5_3x3 [minmay_the_grid_square_5x5_slash,
          minmay_the_grid_square_5x5_fat_x,
          minmay_the_grid_square_5x5_six_small,
          minmay_the_grid_square_5x5_inner_z,
          minmay_the_grid_square_5x5_megaprize_crossed,
          minmay_the_grid_square_5x5_comb,
          minmay_the_grid_square_5x5_doubleslash,
          minmay_the_grid_square_5x5_dogpile,
          minmay_the_grid_square_5x5_shrine2], layout_rooms,
          grunt_qazlal_clouds, serial_shops, nicolae_shop_waterfront, shop,
          uniq_joseph
D:8:      layout_cave_pools, mainiacjoe_overflow_six_doors_small,
          dpeg_oklobed_lair, uniq_maggie
Temple:   regret_index_temple_waves

Skill      XL: |  1  2  3  4  5  6  7  8  9 10 |
---------------+-------------------------------+-----
Axes           | 3 4 6 7 9 11 13 14 | 14.2
Fighting       | 4 5 6 7 8 10 | 10.9
Maces & Flails | 2 |  2.0
Polearms       | 2 |  2.0
Armour         | |  3.6
Shields        | |  3.6

Action                   |  1- 3 |  4- 6 |  7- 9 | 10-12 || total
-------------------------+-------+-------+-------+-------++-------
Melee: War axe           |    64 |   121 |   200 |     6 ||   391
       Headbutt          |     7 |    19 |    45 |     8 ||    79
       Flail             |       |       |       |    30 ||    30
Throw: Dart              |       |       |    10 |       ||    10
Invok: Heroism           |       |       |     7 |     2 ||     9
  Use: Scroll            |       |       |     6 |     1 ||     7
       Potion            |       |       |     3 |     2 ||     5
Armor: Scale mail        |    30 |    56 |    76 |     7 ||   169
       Chain mail        |       |       |       |     8 ||     8
Dodge: Dodged            |    20 |    50 |    63 |    11 ||   144
Block: Kite shield       |    35 |    70 |   113 |    30 ||   248
